 Dungeon Crawl Stone Soup version 0.30-a0-722-g3e6e8c874d (webtiles) character file.

Game seed: 14396016968184227078

2293 Dittersdorf the Covered (level 9, -5/57 HPs)
             Began as a Gargoyle Fighter on Jan 27, 2023.
             Was a Believer of Okawaru.
             Slain by a human
             ... wielding a +2 heavy hand axe
              (7 damage)
             ... in a bailey.
             The game lasted 00:10:14 (5350 turns).

Dittersdorf the Covered (Gargoyle Fighter)          Turns: 5350, Time: 00:10:15

Health: -5/57      AC: 16    Str: 24    XL:     9   Next: 40%
Magic:  0/9        EV: 12    Int:  9    God:    Okawaru [**....]
Gold:   337        SH:  6    Dex:  9    Spells: 8/8 levels left

rFire   + + .      SeeInvis .    a - +0 flail
rCold   + . .      Faith    .    c - +0 buckler
rNeg    + + .      Spirit   +    b - +1 scale mail
rPois   ∞          Reflect  .    (no helmet)
rElec   +          Harm     .    e - scarf {rC+ rF+}
rCorr   .          Rampage  .    (no gloves)
Will    .....                    (no boots)
Stlth   +                        g - amulet of guardian spirit
HPRegen 0.29/turn                h - ring "Aneth" {rPois rF+}
MPRegen 0.11/turn                p - ring of positive energy

@: heroic, studying Dodging
A: sickness immunity, AC +6, negative energy resistance 1, electricity
resistance, torment resistance 1, petrification resistance
a: Renounce Religion, Heroism


You were in a bailey.
You worshipped Okawaru.
Okawaru was pleased with you.
You visited 2 branches of the dungeon, and saw 8 of its levels.
You also visited: Ossuary and Bailey.

You collected 337 gold pieces.

Inventory:

Hand Weapons
 a - a +0 flail (weapon)
Missiles
 x - a curare-tipped dart (quivered)
Armour
 b - a +1 scale mail (worn)
 c - a +0 buckler (worn)
 e - a scarf of resistance (worn)
 y - a +0 chain mail
Jewellery
 g - an amulet of guardian spirit (around neck)
 h - the ring "Aneth" (left hand) {rPois rF+}
   (You found it on level 2 of the Dungeon)

   [ring of poison resistance]

   rF:        It protects you from fire.
   rPois:     It protects you from poison.
 p - a ring of positive energy (right hand)
Wands
 v - a wand of iceblast (10)
Scrolls
 f - a scroll of enchant armour
 o - 3 scrolls of teleportation
 s - 4 scrolls of fog
 u - a scroll of poison
Potions
 d - 2 potions of might
 i - 4 potions of curing
 j - a potion of mutation
 k - 2 potions of invisibility
 l - 4 potions of heal wounds
 m - a potion of haste {unknown}
 q - a potion of magic {unknown}
 r - a potion of lignification {unknown}
 t - 2 potions of ambrosia
 z - 2 potions of resistance


   Skills:
 + Level 7.2(12.2) Fighting
 + Level 6.1(11.1) Maces & Flails
 + Level 7.2(12.2) Armour
 + Level 4.2(9.2) Dodging
 + Level 7.1(12.1) Shields


You had 8 spell levels left.
You didn't know any spells.
Your spell library contained the following spells:

 Spells                   Type           Power      Damage    Failure   Level
 Apportation              Tloc           0%         N/A       67%         1
 Necrotise                Necr           0%         1d4       67%         1
 Shock                    Conj/Air       0%         1d3       67%         1
 Swiftness                Air            0%         N/A       96%         3
 Airstrike                Air            0%         2d(0-16)  100%        4
 Lightning Bolt           Conj/Air       0%         1d11      100%        5
 Summon Small Mammal      Summ           Unusable   N/A       N/A         1
 Summon Lightning Spire   Summ/Air       Unusable   N/A       N/A         4

Dungeon Overview and Level Annotations

Branches:
Dungeon (7/15)             Temple (1/1) D:4         Ossuary (visited)
 Bailey (1/1)

Altars:
Elyvilon
Gozag
Hepliaklqana
Kikubaaqudgha
Nemelex Xobeh
Okawaru
Ru
Trog
Vehumet
Xom
Yredelemnul

Annotations:
D:3 3 runed translucent doors, AuraOfTheDawn's ghost, amateur DsMo; MrSquiggles's ghost, weakling GrFi; Valamore's ghost, amateur MiFi; sirJeffrey23's ghost, amateur TeCj


Innate Abilities, Weirdness & Mutations

You are immune to sickness and miasma.
Your stone body is resilient. (AC +6)
You are immune to poison.
You resist negative energy. (rN+)
You are resistant to electric shocks. (rElec)
You are resistant to unholy torment.
You are immune to petrification.


Message History

The human is moderately wounded.
You hear a splash.
The human hits you with a +2 heavy hand axe!
* * * LOW HITPOINT WARNING * * *
Things that are here:
a +0 war axe; a +0 scale mail Throw: 2 darts (curare)
Press: ? - help, Q - select action, (/) - cycle Shift-Dir - straight line, f/p - human
Aim: a human, wielding a +2 heavy hand axe and wearing a +0 ring mail (heavily wounded, poisoned, slow, 58% to hit)
You throw a curare-tipped dart. The curare-tipped dart hits the human.
The human looks even sicker.
The human convulses.
The human seems to be slow for longer.
The human is severely wounded.
You hit the human.
The human is almost dead.
You feel like a meek peon again.
You thump the human!
You kill the human!
Okawaru accepts your kill. The human hits you but does no damage.
There is an empty arch of ancient stone here.
Things that are here:
a +2 heavy hand axe; a +0 ring mail; a human corpse You gain the combat prowess of a mighty hero.
The human is no longer moving slowly.
You closely miss the human.
The human is severely wounded.
The human hits you but does no damage.
You barely miss the human.
The human is severely wounded.
You closely miss the human.
The human is severely wounded.
The human hits you with a +2 heavy hand axe!
* * * LOW HITPOINT WARNING * * *
You closely miss the human.
The human is severely wounded.
You barely miss the human.
The human is severely wounded.
The human hits you with a +2 heavy hand axe!
You die...

##### ##...##
#.....# #.@.∩.#
######.p...#
##....##.).####
#......#)#'#~~##
#....#((~~~#
##...#~~~~~#
#...#~~~~~#
#...##~~~##
#..####'##


You could see a human (poisoned).

Vanquished Creatures
  Sigmund (D:6)
  4 humans (Bailey)
  A water moccasin (D:7)
  Duvessa (D:5)
  An ice beast (D:7)
  A black bear (D:3)
  A centaur (D:7)
  4 water moccasin zombies (Ossuary)
  A necrophage (D:6)
  A scorpion (D:4)
  Dowan (D:5)
  3 hounds
  4 jellies
  3 iguanas
  3 orc wizards
  2 mummies (Ossuary)
  9 gnolls
  9 adders
  2 shadow imps (D:5)
  2 white imps (D:6)
  2 ufetubi
  4 adder zombies (Ossuary)
  3 worms
  2 dart slugs
  16 orcs
  4 bats
  4 endoplasms
  2 giant cockroaches
  12 goblins
  6 hobgoblins
  3 quokkas
  4 ball pythons
  4 frilled lizards
  4 gnoll zombies (Ossuary)
  7 hobgoblin zombies (Ossuary)
  8 kobolds
  2 kobold zombies (Ossuary)
  5 orc zombies (Ossuary)
  6 rats
152 creatures vanquished.

Vanquished Creatures (others)
  An orc wizard (D:4)
  13 fungi (D:7)
  A plant (D:4)
  2 withered plants (D:3)
17 creatures vanquished.

Grand Total: 169 creatures vanquished

Notes
Turn   | Place    | Note
-------+----------+-------------------------------------------
     0 | D:1      | Dittersdorf the Gargoyle Fighter began the quest for the
                  | Orb.
     0 | D:1      | Reached XP level 1. HP: 14/14 MP: 1/1
   124 | D:1      | Reached XP level 2. HP: 19/19 MP: 2/2
   301 | D:1      | Found a faded altar of an unknown god.
   529 | D:2      | Identified the ring "Aneth" {rPois rF+}
   690 | D:2      | Reached XP level 3. HP: 23/23 MP: 3/3
   756 | D:2      | Reached XP level 4. HP: 29/29 MP: 4/4
   991 | D:2      | You fall into a shaft and drop 2 floors!
   992 | D:4      | yay!
  1033 | D:4      | Reached XP level 5. HP: 32/33 MP: 5/5
  1314 | D:4      | Reached XP level 6. HP: 31/39 MP: 6/6
  1963 | D:3      | Found a runed translucent gate.
  1963 | D:3      | Found a runed translucent gate.
  1963 | D:3      | Found a runed translucent gate.
  1964 | D:3      | Noticed Valamore's ghost (amateur MiFi)
  1964 | D:3      | Noticed AuraOfTheDawn's ghost (amateur DsMo)
  1965 | D:3      | Noticed MrSquiggles's ghost (weakling GrFi)
  1965 | D:3      | Noticed sirJeffrey23's ghost (amateur TeCj)
  2087 | D:4      | Found a staircase to the Ecumenical Temple.
  2098 | Temple   | Entered the Ecumenical Temple
  2242 | Temple   | Became a worshipper of Warmaster Okawaru
  2425 | D:4      | Noticed a black bear
  2455 | D:3      | Killed a black bear
  2456 | D:3      | Reached skill level 5 in Fighting
  2456 | D:3      | Reached skill level 5 in Armour
  2456 | D:3      | Reached skill level 5 in Shields
  2456 | D:3      | Reached XP level 7. HP: 19/44 MP: 3/7
  2841 | D:5      | Entered Level 5 of the Dungeon
  2882 | D:5      | Identified the +1 long sword of Departure {speed, Drain
                  | Will+ Int+5}
  3073 | D:5      | Found a basalt altar of Yredelemnul.
  3112 | D:5      | Found a sand-covered staircase.
  3116 | Ossuary  | Entered an ossuary
  3154 | Ossuary  | Reached * piety under Okawaru
  3236 | Ossuary  | Reached XP level 8. HP: 46/51 MP: 6/8
  3569 | D:5      | Identified a scroll of acquirement
  3569 | D:5      | Acquired a manual of Dodging
  3675 | D:5      | Noticed Duvessa
  3676 | D:5      | Noticed Dowan
  3698 | D:5      | Killed Duvessa
  3699 | D:5      | Reached skill level 5 in Maces & Flails
  3699 | D:5      | Reached skill level 1 in Dodging
  3716 | D:5      | Killed Dowan
  4188 | D:6      | Noticed Sigmund
  4212 | D:6      | Killed Sigmund
  4457 | D:6      | Reached ** piety under Okawaru
  4888 | D:7      | Reached XP level 9. HP: 6/56 MP: 2/9
  4899 | D:7      | Found a flagged portal.
  4911 | Bailey   | Entered a bailey
  5348 | Bailey   | HP: 2/57 [human/+2 heavy hand axe (10)]
  5350 | Bailey   | Slain by a human

Illustrated notes

...
...
..
..
#.
#.
#.##
#.@#
##.#
#.#
#.#
#.#
#.#
#.#
#.#


Turn 992 on D:4: yay!

Levels and vault maps discovered:
D:1:      dpeg_arrival_ternary, layout_rooms, ebering_ecumenical_altar_box,
          amethyst_killhole
D:2:      layout_loops_cross
D:3:      layout_rooms, gammafunk_ghost_cemetery, minmay_pentomino_pile
D:4:      layout_rooms, minmay_temple_entry_wispy, serial_park_tiny_1,
          minmay_crystal_room, corexii_shack
D:5:      layout_rooms, yredelemnul_altar_generic,
          nicolae_ossuary_entry_false_entrances, uniq_duvessa
D:6:      layout_rooms, nicolae_hexahallways,
          hangedman_abyss_or_decor_lesser_grid, kennysheep_generic_room_16,
          uniq_sigmund
D:7:      old_forge, layout_basic, nicolae_overflows_in_rows, enter_bailey_2,
          kennysheep_small_circle, uniq_pikel
Temple:   hellmonk_temple_flake
Bailey:   bailey_axe_froggy_fort_hellmonk, bailey

Skill      XL: |  1  2  3  4  5  6  7  8  9 |
---------------+----------------------------+-----
Armour         | 4 5 6 7 |  7.2
Fighting       | 4 5 6 7 |  7.2
Shields        | 4 5 6 7 |  7.1
Maces & Flails | 3 4 5 6 |  6.1
Dodging        | 3 4 |  4.2

Action                     |  1- 3 |  4- 6 |  7- 9 || total
---------------------------+-------+-------+-------++-------
  Melee: Flail             |    77 |   215 |   471 ||   763
  Throw: Dart              |       |     4 |    16 ||    20
 Invoke: Heroism           |       |       |     7 ||     7
    Use: Scroll            |       |     9 |    10 ||    19
 Armour: Scale mail        |    43 |   198 |   223 ||   464
  Dodge: Dodged            |    44 |   187 |   228 ||   459
  Block: Buckler           |    20 |    80 |   109 ||   209

Table legend: (Time is in decaauts)
 A = Elapsed time spent in this place.
 B = Non-inter-level travel time spent in this place.
 C = Inter-level travel time spent in this place.
 D = Time resting spent in this place.
 E = Time spent auto-exploring this place.
 F = Levels seen in this place.
 G = Mean time per level.
                   A        B        C        D        E       F      G
               +--------+--------+--------+--------+--------+-----+--------+
         Total |   5517 |   5379 |    138 |    793 |   2721 |  10 |  551.7 |
       Dungeon |   4439 |   4311 |    128 |    386 |   2455 |   7 |  634.1 |
        Temple |    156 |    146 |     10 |      0 |    132 |   1 |  156.0 |
       Ossuary |    476 |    476 |      0 |     93 |    134 |   1 |  476.0 |
        Bailey |    445 |    445 |      0 |    314 |      0 |   1 |  445.0 |
               +--------+--------+--------+--------+--------+-----+--------+

Top non-repeatable levels by time:
     D:6: 884 daAuts
     D:4: 799 daAuts
     D:2: 782 daAuts
     D:3: 706 daAuts
     D:5: 690 daAuts
     D:1: 493 daAuts
 Ossuary: 476 daAuts
  Bailey: 445 daAuts
  Temple: 156 daAuts
     D:7: 82 daAuts
